 Dungeon Crawl Stone Soup version 0.19.1-1-g22dce08 (webtiles) character file.

16 Kronon the Magician (level 2, -3/22 HPs)
             Began as a Demonspawn Wanderer on Jan 11, 2017.
             Shot with a stone by a goblin (7 damage)
             ... on level 1 of the Dungeon.
             The game lasted 00:03:46 (797 turns).

Kronon the Magician (Demonspawn Wanderer)            Turns: 797, Time: 00:03:46

Health: -3/22      AC:  3    Str: 12    XL:     2   Next: 41%
Magic:  1/5        EV: 11    Int: 12    God:
Gold:   17         SH:  0    Dex: 13    Spells: 1 memorised, 5 levels left

rFire  . . .     SeeInvis .     g - +2 whip (drain)
rCold  . . .     Gourm    .     e - +0 robe
rNeg   . . .     Faith    .     (no shield)
rPois  .         Spirit   .     k - +0 helmet
rElec  .         Reflect  .     (no cloak)
rCorr  .         Harm     .     (no gloves)
MR     .....                    (no boots)
Stlth  ++........               (no amulet)
                                (no ring)
                                (no ring)

@: very slightly contaminated, drained
A: demonic guardian 1
a: no special abilities


You were on level 1 of the Dungeon.
You were not hungry.

You visited 1 branch of the dungeon, and saw 1 of its levels.

You collected 17 gold pieces.

Inventory:

Hand Weapons
 g - a +2 whip of draining (weapon)
Missiles
 i - 2 tomahawks (quivered)
Armour
 e - a +0 robe (worn)
 k - a +0 helmet (worn)
Scrolls
 b - a scroll of blinking
 c - 2 scrolls of identify {unknown}
Potions
 a - a potion of flight {unknown}
 j - a potion of lignification {unknown}
Books
 d - the Compendium of Evil Secrets

   Spells                             Type                      Level
   a - Pain                           Necromancy                   1
   b - Regeneration                   Charms/Necromancy            3
Comestibles
 f - a bread ration
 h - 3 chunks of flesh


   Skills:
 - Level 2.0(1.8) Fighting
   Level 1.0(0.8) Short Blades
 - Level 1.0(0.8) Dodging
 - Level 1.0(0.8) Stealth
 + Level 2.7(2.6) Spellcasting
 * Level 0.9(0.8) Necromancy
   Level 1.0(0.8) Transmutations
   Level 2.0(1.8) Evocations


You had 5 spell levels left.
You knew the following spells:

 Your Spells              Type           Power        Failure   Level  Hunger
a - Pain                  Necr           #...         21%         1    #......


Dungeon Overview and Level Annotations

Branches:
Dungeon (1/15)

Altars:


Innate Abilities, Weirdness & Mutations

A weak demonic guardian rushes to your aid.


Message History

You kill the kobold!
Things that are here:
a short sword; a kobold corpse; a rat corpse Butcher a rat corpse? [(y)es/(c)hoosy/(n)o/(a)ll/(e)dible/(q)uit/?]
There isn't anything edible to butcher here.
You butcher the rat corpse.
h - 3 chunks of flesh (gained 1)
Things that are here:
a short sword; a kobold corpse A kobold comes into view.
It is wielding a short sword.
The kobold shouts!
The kobold moves out of view.
A goblin comes into view.
The goblin shouts!
The goblin moves out of view.
A leopard gecko comes into view.
The leopard gecko hisses angrily.
The goblin wields a glowing hunting sling.
The goblin shoots a stone.
The stone hits you!
You die...

###..#...#.................#....
.........##................#....
.#.#.#...##..).#..........##.)..
...........#...#.....#..........
.#.#.#.....'...#.............###
...........#...#...........).((.
.#.#.#.......>.#................
...............#................
...............@###...#.........
................###...#.........
##...........K..#...............
...........#........#.#.........
...........#........#.....##....
..........#gl.................#
..............#.......)........
..............#................
..............##...............


You could see a leopard gecko, a goblin and a kobold.

Vanquished Creatures
  4 goblins (D:1)
  2 hobgoblins (D:1)
  3 bats (D:1)
  A frilled lizard (D:1)
  4 kobolds (D:1)
  A rat (D:1)
15 creatures vanquished.

Notes
Turn   | Place    | Note
-------+----------+-------------------------------------------
     0 | D:1      | Kronon the Demonspawn Wanderer began the quest for the Orb.
     0 | D:1      | Kronon set off with: a +2 dagger, a scroll of blinking, a +0 spear, the Compendium of Evil Secrets, a +0 robe, a bread ration
     0 | D:1      | Reached XP level 1. HP: 16/16 MP: 3/3
     1 | D:1      | Identified the Compendium of Evil Secrets
     3 | D:1      | Learned a level 1 spell: Pain
   535 | D:1      | Gained mutation: A weak demonic guardian rushes to your aid. [demonic ancestry]
   535 | D:1      | Reached XP level 2. HP: 7/22 MP: 5/5
   797 | D:1      | Shot with a stone by a goblin

Action                   || total
-------------------------++-------
Melee: Dagger            ||    13
       Whip              ||    25
Throw: Tomahawk          ||     5
 Cast: Pain              ||    18
Armor: Robe              ||    12
Dodge: Dodged            ||    22
